 Dungeon Crawl Stone Soup version 0.30.1-11-g7821555f0a (webtiles) character file.

Game seed: 18107276431387815853

644 jagang the Slasher (level 7, -2/56 HPs)
             Began as a Barachi Monk on Dec 4, 2023.
             Slain by a black bear (8 damage)
             ... on level 6 of the Dungeon.
             The game lasted 00:14:51 (3505 turns).

jagang the Slasher (Barachi Monk)                   Turns: 3505, Time: 00:14:52

Health: -2/56      AC: 11    Str: 12    XL:     7   Next: 52%
Magic:  7/7        EV:  4    Int: 11    God:
Gold:   184        SH:  0    Dex: 16    Spells: 6/6 levels left

rFire   . . .        a - +0 falchion
rCold   . . .        d - orb {light}
rNeg    . . .        u - +0 plate armour
rPois   .            (no helmet)
rElec   .            (no cloak)
rCorr   .            (no gloves)
SInv    .            (no boots)
Will    .....        g - amulet of reflection Stlth
                     (no ring)
HPRegen 0.29/turn    (no ring)
MPRegen 0.10/turn

%: reflection
@: confused, ambrosia-drunk, unable to hop, glowing, slow
A: amphibious, slowness 1, strong legs 1, +LOS
a: Hop


You were on level 6 of the Dungeon.
You visited 1 branch of the dungeon, and saw 6 of its levels.

You collected 204 gold pieces.
You spent 20 gold pieces at shops.

Inventory:

Hand Weapons
 a - a +0 falchion (weapon)
Missiles
 i - 6 poisoned darts (quivered)
 t - 4 silver javelins
Armour
 d - an orb of light (worn)
 u - a +0 plate armour (worn)
Jewellery
 g - an amulet of reflection (around neck)
Wands
 q - a wand of paralysis (3)
Scrolls
 e - a scroll of identify
 k - a scroll of immolation
 l - a scroll of vulnerability
 m - a scroll of brand weapon
 o - a scroll of fog
 p - a scroll of amnesia
 v - a scroll of fear
 w - a scroll of silence
 x - a scroll of enchant armour
Potions
 f - 3 potions of curing
 h - 2 potions of cancellation {unknown}
 j - a potion of mutation {unknown}
 n - 2 potions of attraction {unknown}
 r - a potion of lignification {unknown}
 s - 2 potions of brilliance {unknown}


   Skills:
 + Level 5.2 Fighting
 * Level 6.7 Long Blades
 + Level 2.8 Throwing
 + Level 3.2 Armour
 + Level 4.9 Dodging


You had 6 spell levels left.
You didn't know any spells.
Your spell library contained the following spells:

 Spells                   Type           Power      Damage    Failure   Level
 Freeze                   Ice            0%         1d3       100%        1
 Necrotise                Necr           0%         1d4       100%        1
 Shock                    Conj/Air       0%         1d3       100%        1
 Frozen Ramparts          Ice            0%         1d1       100%        3
 Hailstorm                Conj/Ice       0%         3d3       100%        3
 Swiftness                Air            0%         N/A       100%        3
 Vampiric Draining        Necr           0%         2d6       100%        3
 Airstrike                Air            0%         2d(0-16)  100%        4
 Agony                    Necr           0%         N/A       100%        5


Dungeon Overview and Level Annotations

Branches:
Dungeon (6/15)
 Temple: D:4-7

Altars:
Makhleb
Vehumet

Shops:
D:1 *   D:2 (   D:3 [


Innate Abilities, Weirdness & Mutations

You are amphibious.
You cover ground slowly.
You can hop short distances.
You have an extended range of vision and can be seen from far away.


Message History

You hit the black bear but do no damage.
The black bear is severely wounded.
The black bear bites you but does no damage.
The black bear claws you but does no damage.
The black bear claws you.
* * * LOW HITPOINT WARNING * * *
The black bear bites you.
* * * LOW HITPOINT WARNING * * *
The black bear claws you but does no damage.
You block the black bear's attack.
You are confused.
You feel invigorated.
The scorpion looks more healthy.
The black bear bites you.
* * * LOW HITPOINT WARNING * * *
The black bear claws you but does no damage.
The black bear claws you.
* * * LOW HITPOINT WARNING * * *
You're too confused to move!
The black bear bites you but does no damage.
The black bear claws you but does no damage. x2
The black bear bites you!
* * * LOW HITPOINT WARNING * * *
The black bear claws you.
* * * LOW HITPOINT WARNING * * *
The black bear claws you but does no damage.
You bump into the rock wall.
You feel less invigorated.
You feel less confused. The black bear barely misses you.
You block the black bear's attack. x2
You are confused.
You feel invigorated. The black bear bites you.
* * * LOW HITPOINT WARNING * * *
The black bear claws you but does no damage. x2
The black bear bites you!
* * * LOW HITPOINT WARNING * * *
The black bear claws you.
* * * LOW HITPOINT WARNING * * *
The black bear claws you but does no damage.
The black bear rages.
The black bear bites you!
You die...

#. . ## ### ..# # #.#
#.# .#
#<#####.#####.#
#.>...........###
#...#.###.........#
#####..(.###...######
#†..(.sh@........
#.#########..####
#......<..# ...
#######.#.# ## ..# #
.### #. #


You could see a black bear (berserk) and a scorpion.

Vanquished Creatures
  Sigmund (D:2)
  A scorpion (D:5)
  4 wights
  Natasha (thrice) (D:2)
  Terence (D:2)
  5 adders
  3 worms
  2 orcs (D:5)
  12 ball pythons
  7 endoplasms
  4 giant cockroaches
  4 goblins
  6 hobgoblins
  2 quokkas
  2 bats
  3 frilled lizards (D:2)
  7 kobolds
  9 rats
76 creatures vanquished.

Notes
Turn   | Place    | Note
-------+----------+-------------------------------------------
     0 | D:1      | jagang the Barachi Monk began the quest for the Orb.
     0 | D:1      | Reached XP level 1. HP: 18/18 MP: 1/1
   150 | D:1      | Found Yghoesm's General Store.
   159 | D:1      | Bought a scroll of identify for 20 gold pieces
   349 | D:1      | Reached XP level 2. HP: 25/25 MP: 2/2
   355 | D:1      | Reached skill level 4 in Long Blades
   516 | D:1      | Found a faded altar of an unknown god.
   649 | D:2      | Found a burning altar of Makhleb.
   652 | D:2      | Reached XP level 3. HP: 30/30 MP: 3/3
   706 | D:2      | Noticed Sigmund
   726 | D:2      | Killed Sigmund
   727 | D:2      | Reached skill level 5 in Long Blades
   727 | D:2      | Reached skill level 1 in Throwing
   727 | D:2      | Reached skill level 1 in Armour
   727 | D:2      | Reached XP level 4. HP: 28/38 MP: 4/4
   727 | D:2      | Reached XP level 5. HP: 32/43 MP: 5/5
  1111 | D:2      | Noticed Terence
  1128 | D:2      | Killed Terence
  1139 | D:2      | Reached XP level 6. HP: 29/49 MP: 6/6
  1235 | D:2      | Found Alal's Weapon Shoppe.
  1335 | D:2      | Noticed Natasha
  1342 | D:2      | Killed Natasha
  1519 | D:2      | Noticed Natasha
  1528 | D:2      | Killed Natasha
  1660 | D:2      | Noticed Natasha
  1666 | D:2      | Killed Natasha
  1879 | D:2      | Reached skill level 6 in Long Blades
  1920 | D:3      | Reached skill level 5 in Fighting
  1920 | D:3      | Reached XP level 7. HP: 31/56 MP: 7/7
  2079 | D:3      | Found Ninuqoy's Antique Armour Shop.
  2819 | D:4      | Found a radiant altar of Vehumet.
  3106 | D:5      | Entered Level 5 of the Dungeon
  3502 | D:6      | HP: 2/56 [black bear (3)]
  3505 | D:6      | Slain by a black bear

Illustrated notes

Levels and vault maps discovered:
D:1:      nzn_arrival_settlement, layout_basic, serial_shops, shop,
          shapermc_ecumenical_altar_mp_ritualfount,
          corexii_item_surrounded_by_moat
D:2:      layout_loops_ring, basic_altar, serial_shops, shop,
          hangedman_abyss_or_decor_stabs, uniq_sigmund, uniq_terence,
          uniq_natasha
D:3:      layout_loops_ring, serial_shops, nicolae_shop_real_fake_doors,
          dreamdust_mushroom_princess, serial_bayou_lagoon_a
D:4:      layout_basic, nicolae_overflow_crystal_walls
D:5:      layout_cave_pools, cheibrodos_sewer_entry_bend,
          kennysheep_generic_room_8
D:6:      layout_basic, mainiacjoe_overflow_six_doors_small,
          mainiacjoe_overflow_big_doors, gammafunk_ghost_nasty_kobolds,
          minmay_starry_boxes

Skill      XL: |  1  2  3  4  5  6  7 |
---------------+----------------------+-----
Long Blades    | 4 5 6 |  6.7
Fighting       | 4 5 |  5.2
Throwing       | 1 2 |  2.8
Armour         | 1 2 3 |  3.2
Dodging        | 4 |  4.9

Action                     |  1- 3 |  4- 6 |  7- 9 || total
---------------------------+-------+-------+-------++-------
  Melee: Falchion          |    67 |   107 |    82 ||   256
  Throw: Dart              |     1 |     7 |     6 ||    14
Ability: Hop               |       |     2 |     2 ||     4
    Use: Scroll            |       |     5 |     4 ||     9
         Potion            |       |       |     3 ||     3
 Armour: Robe              |     5 |       |       ||     5
         Leather armour    |     3 |       |       ||     3
         Scale mail        |     1 |    28 |    21 ||    50
         Plate armour      |       |       |    35 ||    35
  Dodge: Dodged            |    42 |    63 |    25 ||   130
  Block: Orb               |     9 |    24 |    20 ||    53
